AoeStats
← StepingBySky

Arena

505294507Analyzed
3v3 RM · 25d ago on Sep 8, 2026· 36m 18s· 6 players
Game mode
Random Map
Map size
Normal (6 player)
Population
200
Speed
Normal
Resources
Standard
Victory
Conquest
Starting age
Dark Age
Ending age
Imperial Age
RankedLock teamsTeams togetherTeam positionsShared explorationLock speedFull tech treeHidden civsTurbo modeCheats
Victory
Defeat
🇧🇷 Malians · Brazil
890
+12
🇷🇺 Ethiopians · Russia
857
+19
🇦🇿 Turks · Azerbaijan
853
+12
🇺🇸 Celts · United States
776
-12
760
-11
🇺🇸 Inca · United States
731
-10
VI-BlackBeard-IV
0:28 Loom
12:22 Feudal Age
17:34 Castle Age
15:53 Double-Bit Axe
15:57 Horse Collar
18:46 Wheelbarrow
18:49 Bow Saw
19:20 Heavy Plow
28:35 Treadmill Crane
29:15 Ballistics
34:01 Imperial Age
32:15 Hand Cart
少年强则少女扶墙
5:24 Loom
11:20 Feudal Age
17:01 Castle Age
15:28 Horse Collar
15:35 Double-Bit Axe
17:56 Stone Mining
23:27 Heavy Plow
25:59 Wheelbarrow
28:19 Bow Saw
29:16 Gold Mining
34:32 Imperial Age
33:06 Bloodlines
32:57 Husbandry
36:07 Scale Barding Armor
36:12 Forging
36:26 Conscription
Pouya430
9:12 Loom
11:53 Feudal Age
16:11 Champi Runner
17:33 Fletching
18:02 Padded Archer Armor
21:55 Castle Age
20:05 Horse Collar
20:11 Double-Bit Axe
20:29 Double-Bit Axe
22:20 Forging
22:17 Gold Mining
24:07 Squires
23:29 Pikeman
25:56 Scale Mail Armor
27:24 Leather Archer Armor
28:45 Bow Saw
30:14 Thumb Ring
29:33 Elite Skirmisher
30:33 Heavy Plow
33:02 Chain Mail Armor
34:31 Iron Casting
StepingBySky
11:36 Feudal Age
12:06 Town Watch
13:46 Wheelbarrow
13:36 Double-Bit Axe
19:53 Forging
19:52 Scale Barding Armor
23:36 Castle Age
22:15 Scale Barding Armor
23:39 Scale Mail Armor
26:04 Husbandry
26:52 Light Cavalry
28:07 Horse Collar
35:27 Imperial Age
35:50 Heavy Camel Rider
36:32 Guard Tower
felipe
11:16 Feudal Age
15:30 Castle Age
13:36 Double-Bit Axe
15:41 Loom
16:16 Horse Collar
16:47 Bow Saw
23:30 Wheelbarrow
26:26 Hand Cart
26:23 Gold Mining
26:31 Town Watch
30:54 Imperial Age
28:24 Fletching
29:09 Town Patrol
29:50 Heavy Plow
30:20 Husbandry
30:33 Bloodlines
29:47 Light Cavalry
34:37 Crop Rotation
34:44 Farimba
trn25
11:00 Feudal Age
11:44 Double-Bit Axe
12:25 Gold Mining
13:26 Wheelbarrow
13:48 Horse Collar
18:57 Castle Age
18:20 Scale Barding Armor
19:01 Stone Mining
20:45 Gold Shaft Mining
20:12 Heavy Plow
21:33 Bow Saw
22:22 Forging
27:51 Imperial Age
26:16 Padded Archer Armor
27:22 Leather Archer Armor
28:07 Fletching
32:03 Ring Archer Armor
35:02 Elite Janissary
Connection lost

Rejoining the realm…

Still unreachable

The connection could not be restored.

Session expired

The server has moved on; the page needs a fresh start.